 Dungeon Crawl Stone Soup version 0.28-a0-851-g8b9cc49659 (webtiles) character file.

Game seed: 10402226030918809849

4473 blank1 the Fighter (level 10, -2/78 HPs)
             Began as a Djinni Fire Elementalist on Nov 14, 2021.
             Was a Believer of Makhleb.
             Slain by Joseph (6 damage)
             ... on level 7 of the Dungeon.
             The game lasted 00:38:24 (11097 turns).

blank1 the Fighter (Djinni Fire Elementalist)      Turns: 11097, Time: 00:38:25

Health: -2/78      AC:  6    Str:  7    XL:     10   Next: 64%
Gold:   239        EV: 16    Int: 18    God:    Makhleb [**....] SH:  0 Dex: 19

rFire   + + +      SeeInvis .   a - +3 long sword "Faasoh" {vorpal, rF+ Will+ Dex+3}
rCold   x . .      Faith    .   (no shield)
rNeg    . . .      Spirit   .   o - +1 leather armour {rPois}
rPois   ∞          Reflect  .   u - +0 helmet
rElec   .          Harm     .   q - +0 cloak
rCorr   .          Rampage  .   (no gloves)
Will    ++...                   (boots unavailable)
Stlth   ++........              (no amulet)
HPRegen 0.23/turn               (no ring)
MPRegen 0.00/turn               (no ring)

@: flying
A: sickness immunity, fire resistance 2, cold vulnerability 1, float, innate
caster, hp casting, extra vitality 1
a: Renounce Religion, Minor Destruction


You were on level 7 of the Dungeon.
You worshipped Makhleb.
Makhleb was pleased with you.
You visited 2 branches of the dungeon, and saw 8 of its levels.

You collected 239 gold pieces.

Inventory:

Hand Weapons
 a - the +3 long sword "Faasoh" (weapon) {vorpal, rF+ Will+ Dex+3}
   (You found it on level 6 of the Dungeon)

   It inflicts extra damage upon your enemies.
   Dex:       It affects your dexterity (+3).
   rF:        It protects you from fire.
   Will:      It increases your willpower.
 p - a +4 quarterstaff of chaos
 s - a +2 whip of electrocution
Missiles
 c - 2 throwing nets
 n - 40 poisoned darts
Armour
 o - a +1 leather armour of poison resistance (worn)
 q - a +0 cloak (worn)
 u - a +0 helmet (worn)
Magical Staves
 g - a staff of poison
Wands
 h - a wand of paralysis (6)
 r - a wand of iceblast (16)
 v - a wand of polymorph (15)
Scrolls
 b - a scroll of enchant armour
 e - a scroll of amnesia
 j - a scroll of summoning {unknown}
 l - a scroll of enchant weapon {unknown}
 m - a scroll of teleportation
Potions
 d - a potion of brilliance
 f - a potion of attraction
 i - a potion of lignification
 k - 4 potions of curing
 t - a potion of haste


   Skills:
 - Level 9.0 Fighting
 - Level 4.0 Armour
 - Level 8.0 Dodging
 - Level 3.0 Stealth
 + Level 6.2 Spellcasting
 - Level 3.0 Invocations


You couldn't memorise any spells.
You knew the following spells:

 Your Spells              Type           Power      Damage    Failure   Level
a - Foxfire               Conj/Fire      100%       2x1d9     1%          1
b - Scorch                Fire           54%        2d8       1%          2
c - Conjure Flame         Conj/Fire      27%        6-21      4%          3
d - Inner Flame           Hex/Fire       27%        N/A       4%          3
e - Flame Wave            Conj/Fire      27%        3d6       13%         4
f - Summon Small Mammal   Summ           100%       N/A       1%          1
g - Passwall              Tmut/Erth      22%        N/A       1%          2
h - Searing Ray           Conj           54%        2d6       1%          2
i - Dazzling Flash        Conj/Hex       54%        N/A       4%          3
Your spell library was empty.

Dungeon Overview and Level Annotations

Branches:
Dungeon (7/15)             Temple (1/1) D:4

Altars:
Ashenzari
Cheibriados
Dithmenos
Fedhas
Hepliaklqana
Kikubaaqudgha
Makhleb
Ru
Sif Muna
Uskayaw
Vehumet
Wu Jian
Yredelemnul
Zin
The Shining One

Shops:
D:4 [

Annotations:
D:3 1 runed translucent door, Rennog's ghost, weakling TrFi
D:7 Joseph


Innate Abilities, Weirdness & Mutations

You are immune to sickness and miasma.
You are immune to poison.
Your flesh is very heat resistant. (rF++)
You are vulnerable to cold. (rC-)
You float through the air rather than walking.
You learn spells naturally, not from books.
Your magical power is your life essence.
You have superior vitality. (+4 HP)


Message History

You barely miss Joseph.
Casting: Dazzling Flash (dangerous; 4% risk of failure)
Confirm with . or Enter, or press ? or * to list all spells.
Flames lash Joseph.
Joseph is lightly wounded.
Joseph's fire resistance burns away.
Casting: Scorch (safe; 1% risk of failure)
Confirm with . or Enter, or press ? or * to list all spells.
Flames lash Joseph.
Joseph is burned terribly!
Joseph is moderately wounded.
Joseph unwields a +0 hunting sling.
Joseph wields a +0 quarterstaff.
Joseph misses you.
You hit Joseph.
Joseph is heavily wounded.
Joseph hits you with a +0 quarterstaff! Joseph barely misses you.
You barely miss Joseph.
Joseph is heavily wounded.
Joseph is no longer blind.
Joseph closely misses you.
You slash Joseph!
Joseph is heavily wounded.
Joseph is no longer more vulnerable to fire.
Joseph closely misses you.
Casting: Scorch (safe; 1% risk of failure)
Confirm with . or Enter, or press ? or * to list all spells.
Casting: Dazzling Flash (dangerous; 4% risk of failure)
Press: ? - help, Dir - look around, f - activate Joseph is dazzled.
* * * LOW HITPOINT WARNING * * *
Joseph hits you with a +0 quarterstaff!
* * * LOW HITPOINT WARNING * * *
Unknown command.
You closely miss Joseph.
Joseph is heavily wounded.
Joseph says, "I've waited for this moment for such a long time."
Joseph closely misses you. Joseph hits you with a +0 quarterstaff!
* * * LOW HITPOINT WARNING * * *
You closely miss Joseph.
Joseph is heavily wounded.
Joseph hits you with a +0 quarterstaff.
You die...

# .# ##.## #...[# ##
##.....## .####
##......$# ....###
####........#
##....######.....@.....#
####...........@......#
###.....######......##
##.......## ####...#
##.........## ###
....[[......#
............##
....<.<......##
..............##
...............##


You could see Joseph (blind).

Vanquished Creatures
  A two-headed ogre (D:6)
  Pikel (D:4)
  Grinder (D:3)
  Prince Ribbit (D:7)
  A wyvern (D:7)
  5 humans
  A steam dragon (D:6)
  Menkaure (D:7)
  3 water moccasins
  A black bear (D:4)
  A hornet zombie (D:5)
  An orc warrior (D:6)
  A centaur (D:5)
  2 ogres
  A lemure (D:4)
  2 kobold brigands (D:6)
  A wyvern zombie (D:7)
  A scorpion (D:5)
  3 howler monkeys
  A bullfrog zombie (D:6)
  2 orc priests
  3 hounds
  2 jellies
  A centaur skeleton (D:4)
  Crazy Yiuf (D:3)
  Jessica (D:2)
  6 iguanas
  An orc wizard (D:4)
  A hound zombie (D:5)
  2 hound skeletons (D:4)
  A howler monkey skeleton (D:7)
  4 gnolls (D:3)
  4 adders
  A shadow imp (D:5)
  An ufetubus (D:5)
  2 worms
  3 dart slugs
  12 orcs
  9 endoplasms
  3 giant cockroaches
  8 goblins
  6 hobgoblins
  4 jackals (D:4)
  11 kobolds
  3 quokkas
  13 ball pythons
  3 bats
  3 frilled lizards
  3 rats
  A bush (D:6)
145 creatures vanquished.

Vanquished Creatures (collateral kills)
  An orc (D:4)
  A foxfire (D:6)
2 creatures vanquished.

Vanquished Creatures (others)
  281 foxfires
  6 plants (D:6)
287 creatures vanquished.

Grand Total: 434 creatures vanquished

Notes
Turn   | Place    | Note
-------+----------+-------------------------------------------
     0 | D:1      | blank1 the Djinni Fire Elementalist began the quest for the
                  | Orb.
     0 | D:1      | Reached XP level 1. HP: 15/15 MP: 0/0
   169 | D:1      | Reached XP level 2. HP: 18/22 MP: 0/0
   988 | D:2      | Reached skill level 1 in Fighting
   988 | D:2      | Reached XP level 3. HP: 7/27 MP: 0/0
   988 | D:2      | Learned a level 1 spell: Summon Small Mammal
  1227 | D:2      | Noticed Jessica
  1241 | D:2      | Killed Jessica
  1242 | D:2      | Reached XP level 4. HP: 28/32 MP: 0/0
  2577 | D:3      | Found a faded altar of an unknown god.
  2587 | D:3      | Reached XP level 5. HP: 35/37 MP: 0/0
  2587 | D:3      | Learned a level 2 spell: Passwall
  3112 | D:3      | Found a runed translucent door.
  3112 | D:3      | Noticed a centaur
  3112 | D:3      | Noticed Rennog's ghost (weakling TrFi)
  3201 | D:3      | Noticed Grinder
  3209 | D:3      | Killed Grinder
  3210 | D:3      | Reached skill level 2 in Fighting
  3210 | D:3      | Reached skill level 3 in Fighting
  3210 | D:3      | Reached skill level 1 in Armour
  3210 | D:3      | Reached XP level 6. HP: 32/46 MP: 0/0
  3477 | D:3      | Found a runed translucent door.
  3478 | D:3      | Noticed Crazy Yiuf
  3495 | D:3      | Killed Crazy Yiuf
  3496 | D:3      | Reached XP level 7. HP: 40/50 MP: 0/0
  3496 | D:3      | Learned a level 2 spell: Searing Ray
  3891 | D:4      | Found Isu Eteyso's Antique Armour Shop.
  3928 | D:4      | Reached skill level 4 in Fighting
  4530 | D:4      | Found a staircase to the Ecumenical Temple.
  4539 | Temple   | Entered the Ecumenical Temple
  4567 | Temple   | Became a worshipper of Makhleb the Destroyer
  4939 | D:4      | Reached skill level 5 in Dodging
  4939 | D:4      | Reached XP level 8. HP: 52/58 MP: 0/0
  5201 | D:4      | Noticed Pikel
  5210 | D:4      | Killed Pikel
  5211 | D:4      | Reached skill level 5 in Fighting
  5541 | D:4      | Reached skill level 5 in Spellcasting
  5923 | D:5      | Entered Level 5 of the Dungeon
  6169 | D:5      | Reached XP level 9. HP: 38/65 MP: 0/0
  6169 | D:5      | Learned a level 3 spell: Dazzling Flash
  7074 | D:5      | Reached skill level 6 in Fighting
  7209 | D:6      | Noticed a two-headed ogre
  7280 | D:6      | Identified the +3 long sword "Faasoh" {vorpal, rF+ Will+
                  | Dex+3}
  7322 | D:6      | Reached * piety under Makhleb
  7676 | D:6      | Killed a two-headed ogre
  7985 | D:6      | Reached XP level 10. HP: 67/73 MP: 0/0
  8692 | D:7      | Reached skill level 7 in Fighting
  8845 | D:7      | Noticed Menkaure
  8854 | D:7      | Killed Menkaure
  9060 | D:7      | Noticed Prince Ribbit
  9065 | D:7      | Killed Prince Ribbit
  9374 | D:7      | Noticed Joseph
  9528 | D:6      | Reached skill level 8 in Fighting
 10699 | D:6      | Reached ** piety under Makhleb
 10800 | D:7      | Reached skill level 9 in Fighting
 11097 | D:7      | Slain by Joseph

Illustrated notes

Levels and vault maps discovered:
D:1:      mushboom_english_gardens, layout_rooms
D:2:      layout_loops_cross, minmay_unequal, uniq_jessica
D:3:      layout_loops_ring, hellmonk_ecumenical_altar_crossroads,
          ebering_ghost_inner_flame, kennysheep_potato, uniq_crazy_yiuf_cottage,
          uniq_grinder
D:4:      layout_layer_cave, minmay_temple_entry_proselytizer, serial_shops,
          shop, uniq_pikel
D:5:      layout_basic
D:6:      layout_loops_ring, lexackson_kobold_supper
D:7:      layout_cave_pods, minmay_ruffians, uniq_joseph, uniq_menkaure,
          uniq_prince_ribbit1
Temple:   nicolae_temple_the_god_donut

Skill      XL: |  1  2  3  4  5  6  7  8  9 10 |
---------------+-------------------------------+-----
Fighting       | 1 3 4 5 6 9 |  9.0
Stealth        | 2 3 |  3.0
Dodging        | 3 4 5 7 8 |  8.0
Spellcasting   | 3 4 5 6 |  6.2
Armour         | 1 2 3 4 |  4.0
Invocations    | 2 3 |  3.0

Action                   |  1- 3 |  4- 6 |  7- 9 | 10-12 || total
-------------------------+-------+-------+-------+-------++-------
Melee: Dagger            |     4 |     4 |       |       ||     8
       Quarterstaff      |       |       |     7 |       ||     7
       Long sword        |       |       |    41 |     6 ||    47
 Cast: Foxfire           |    33 |    22 |    81 |    33 ||   169
       Scorch            |     2 |    44 |    88 |    67 ||   201
       Summon Small Mamm |     1 |     3 |     3 |     6 ||    13
       Conjure Flame     |       |     1 |     3 |     4 ||     8
       Passwall          |       |     2 |       |       ||     2
       Dazzling Flash    |       |       |       |     3 ||     3
  Use: Scroll            |       |     3 |     6 |     3 ||    12
 Stab: Sleeping          |       |     1 |       |       ||     1
       Distracted        |       |       |     1 |       ||     1
Armor: Robe              |     3 |     5 |       |       ||     8
       Leather armour    |       |     1 |     5 |     6 ||    12
Dodge: Dodged            |     5 |    14 |    25 |    55 ||    99

Table legend: (Time is in decaauts)
 A = Elapsed time spent in this place.
 B = Non-inter-level travel time spent in this place.
 C = Inter-level travel time spent in this place.
 D = Time resting spent in this place.
 E = Time spent auto-exploring this place.
 F = Levels seen in this place.
 G = Mean time per level.
                   A        B        C        D        E       F      G
               +--------+--------+--------+--------+--------+-----+--------+
         Total |  11126 |  10672 |    454 |   2509 |   6438 |   8 | 1390.8 |
       Dungeon |  11073 |  10643 |    430 |   2509 |   6426 |   7 | 1581.9 |
        Temple |     53 |     29 |     24 |      0 |     12 |   1 |   53.0 |
               +--------+--------+--------+--------+--------+-----+--------+

Top non-repeatable levels by time:
     D:6: 2392 daAuts
     D:4: 1772 daAuts
     D:3: 1730 daAuts
     D:2: 1729 daAuts
     D:7: 1432 daAuts
     D:5: 1317 daAuts
     D:1: 698 daAuts
  Temple: 53 daAuts
